[ AOE2 MATCH · #507849251 ]
UnrankedJapanese vs Koreans
Player's team · LOSS
Rival team · WIN
[ REPLAY ANALYSIS · EXTRACTED FROM THE RECORDED GAME ]
Feudal
10:47
Castle
20:56
Imperial
—
| APM avg | 46.6 |
| APM peak | 110 |
| eAPM avg | 21.7 |
| Villagers / military | 86 / 83 |
Focus
⚔️ 39.0% · 🌾 61.0%
Cavalry Archer ×34 · Skirmisher ×19 · Fishing Ship ×15 · Archer ×8 · Battering Ram ×6 · Knight ×5
Feudal
9:45
Castle
27:19
Imperial
—
| APM avg | 55.5 |
| APM peak | 103 |
| eAPM avg | 33.7 |
| Villagers / military | 126 / 137 |
Focus
⚔️ 56.3% · 🌾 43.7%
Skirmisher ×35 · War Wagon ×33 · Fire Lancer ×28 · Archer ×26 · Fishing Ship ×20 · Spearman ×8
Match map
Initial resources + every placement click. Lines = walls · curves = elevation contours. ◆ gold · ⬟ stone · ● berries · ✦ relic · ◌ wall gap
Your base· Open — 6t gap
LE | Dia franptom's base· Open — 11t gap
Smoothed initial terrain · ◌ = detected wall gap · hover for details
Inputs per minute
— Marbas - - LE | Dia franptom
Build order — Marbas
First 150 of 274 actions detected
| 0:01 | Queue | Villager (Male) |
| 0:01 | Queue | Villager (Male) |
| 0:02 | Build | House |
| 0:04 | Build | House |
| 0:05 | Queue | Villager (Male) |
| 0:05 | Queue | Villager (Male) |
| 0:05 | Queue | Villager (Male) |
| 0:07 | Research | Loom |
| 1:29 | Queue | Villager (Male) |
| 1:30 | Queue | Villager (Male) |
| 1:49 | Build | Lumber Camp |
| 2:07 | Queue | Villager (Male) |
| 2:07 | Queue | Villager (Male) |
| 2:21 | Queue | Villager (Male) |
| 2:41 | Queue | Villager (Male) |
| 3:20 | Queue | Villager (Male) |
| 3:46 | Build | House |
| 3:52 | Queue | Villager (Male) |
| 3:52 | Queue | Villager (Male) |
| 4:16 | Queue | Villager (Male) |
| 4:21 | Build | Dock |
| 5:05 | Queue | Fishing Ship |
| 5:08 | Queue | Villager (Male) |
| 5:08 | Queue | Villager (Male) |
| 5:12 | Build | House |
| 5:16 | Queue | Villager (Male) |
| 5:28 | Queue | Villager (Male) |
| 5:48 | Build | Palisade Wall |
| 5:48 | Build | Palisade Wall |
| 5:50 | Build | Palisade Wall |
| 6:05 | Build | House |
| 6:05 | Queue | Villager (Male) |
| 6:09 | Queue | Fishing Ship |
| 6:32 | Build | Palisade Wall |
| 6:44 | Queue | Fishing Ship |
| 6:46 | Queue | Villager (Male) |
| 6:46 | Queue | Villager (Male) |
| 7:31 | Queue | Fishing Ship |
| 7:32 | Queue | Villager (Male) |
| 7:43 | Build | Mining Camp |
| 8:12 | Queue | Villager (Male) |
| 8:13 | Queue | Fishing Ship |
| 8:31 | Research | Feudal Age |
| 8:45 | Build | Barracks |
| 9:01 | Build | House |
| 9:15 | Queue | Fishing Ship |
| 9:26 | Build | House |
| 9:34 | Build | Palisade Wall |
| 10:09 | Build | Palisade Wall |
| 10:19 | Build | Palisade Wall |
| 10:43 | Queue | Villager (Male) |
| 10:43 | Queue | Villager (Male) |
| 10:47 | Age | Feudal Age |
| 10:48 | Build | Archery Range |
| 10:52 | Research | Double-Bit Axe |
| 11:21 | Build | Blacksmith |
| 11:23 | Queue | Villager (Male) |
| 11:25 | Queue | Archer |
| 11:41 | Queue | Fishing Ship |
| 11:57 | Queue | Archer |
| 12:02 | Queue | Villager (Male) |
| 12:21 | Queue | Archer |
| 12:44 | Queue | Archer |
| 12:58 | Research | Fletching |
| 13:06 | Research | Loom |
| 13:26 | Queue | Villager (Male) |
| 13:28 | Build | House |
| 13:43 | Queue | Villager (Male) |
| 13:48 | Queue | Archer |
| 14:25 | Queue | Archer |
| 14:42 | Queue | Archer |
| 14:42 | Queue | Villager (Male) |
| 14:55 | Queue | Villager (Male) |
| 15:00 | Build | Mill |
| 15:34 | Queue | Archer |
| 15:35 | Queue | Villager (Male) |
| 15:39 | Queue | Militia |
| 16:15 | Build | Mining Camp |
| 16:24 | Build | Market |
| 16:30 | Build | Watch Tower |
| 16:34 | Queue | Militia |
| 16:45 | Build | House |
| 16:47 | Build | House |
| 16:48 | Build | House |
| 16:53 | Build | House |
| 16:57 | Build | House |
| 17:01 | Build | House |
| 17:05 | Build | House |
| 17:32 | Queue | Villager (Male) |
| 17:36 | Research | Castle Age |
| 19:12 | Build | Dock |
| 19:24 | Build | Archery Range |
| 19:38 | Queue | Fishing Ship ×5 |
| 20:26 | Build | Mining Camp |
| 20:36 | Research | Padded Archer Armor |
| 20:37 | Build | Stable |
| 20:43 | Build | Lumber Camp |
| 20:56 | Age | Castle Age |
| 20:59 | Queue | Cavalry Archer |
| 20:59 | Queue | Cavalry Archer |
| 21:35 | Queue | Cavalry Archer |
| 21:35 | Queue | Cavalry Archer |
| 21:38 | Research | Husbandry |
| 21:49 | Research | Bodkin Arrow |
| 22:04 | Build | Siege Workshop |
| 22:17 | Queue | Cavalry Archer |
| 22:17 | Queue | Cavalry Archer |
| 22:21 | Queue | Mangonel |
| 22:32 | Queue | Scout Cavalry |
| 22:38 | Queue | Knight |
| 23:31 | Research | Gold Mining |
| 23:32 | Queue | Villager (Male) |
| 23:32 | Queue | Villager (Male) |
| 23:35 | Queue | Cavalry Archer |
| 23:35 | Queue | Cavalry Archer |
| 23:54 | Research | Bow Saw |
| 24:09 | Queue | Mangonel |
| 24:13 | Queue | Cavalry Archer |
| 24:14 | Queue | Cavalry Archer |
| 24:34 | Queue | Villager (Male) |
| 24:34 | Queue | Villager (Male) |
| 24:45 | Queue | Battering Ram |
| 24:49 | Build | Monastery |
| 24:51 | Queue | Villager (Male) |
| 24:56 | Queue | Villager (Male) |
| 24:56 | Queue | Villager (Male) |
| 25:28 | Queue | Monk |
| 25:30 | Queue | Villager (Male) |
| 25:34 | Research | Scale Barding Armor |
| 25:49 | Queue | Fishing Ship |
| 25:49 | Queue | Fishing Ship |
| 25:49 | Queue | Fishing Ship |
| 26:08 | Queue | Cavalry Archer |
| 26:09 | Queue | Cavalry Archer |
| 26:10 | Queue | Knight |
| 26:58 | Queue | Battering Ram |
| 27:08 | Queue | Villager (Male) |
| 27:08 | Queue | Villager (Male) |
| 27:33 | Queue | Monk |
| 27:42 | Queue | Villager (Male) |
| 28:46 | Queue | Villager (Male) |
| 28:46 | Queue | Villager (Male) |
| 28:47 | Queue | Cavalry Archer |
| 28:47 | Queue | Cavalry Archer |
| 29:06 | Queue | Villager (Male) |
| 29:50 | Queue | Battering Ram |
| 29:53 | Build | House |
| 29:54 | Build | House |
| 29:55 | Build | House |
| 29:55 | Build | House |
Build order — LE | Dia franptom
First 150 of 400 actions detected
| 0:02 | Queue | Villager (Male) |
| 0:02 | Queue | Villager (Male) |
| 0:04 | Build | House |
| 0:05 | Build | House |
| 0:28 | Queue | Villager (Male) |
| 0:30 | Queue | Villager (Male) |
| 1:26 | Queue | Villager (Male) |
| 1:26 | Queue | Villager (Male) |
| 2:08 | Queue | Villager (Male) |
| 2:20 | Queue | Villager (Male) |
| 2:21 | Queue | Villager (Male) |
| 2:58 | Queue | Villager (Male) |
| 2:58 | Queue | Villager (Male) |
| 3:12 | Queue | Villager (Male) |
| 3:12 | Queue | Villager (Male) |
| 3:16 | Build | Lumber Camp |
| 3:29 | Build | House |
| 3:47 | Queue | Villager (Male) |
| 3:47 | Queue | Villager (Male) |
| 3:47 | Queue | Villager (Male) |
| 4:20 | Queue | Villager (Male) |
| 4:20 | Queue | Villager (Male) |
| 4:20 | Queue | Villager (Male) |
| 4:52 | Queue | Villager (Male) |
| 5:20 | Build | Dock |
| 5:30 | Queue | Villager (Male) |
| 5:31 | Queue | Villager (Male) |
| 5:31 | Queue | Villager (Male) |
| 6:15 | Queue | Villager (Male) |
| 6:17 | Build | Palisade Wall |
| 6:18 | Build | Palisade Wall |
| 6:19 | Build | Palisade Wall |
| 6:21 | Queue | Fishing Ship |
| 6:30 | Build | House |
| 6:43 | Research | Loom |
| 7:35 | Research | Feudal Age |
| 7:36 | Research | Feudal Age |
| 8:08 | Queue | Villager (Male) |
| 8:19 | Queue | Fishing Ship |
| 8:41 | Build | Barracks |
| 8:50 | Queue | Villager (Male) |
| 8:51 | Queue | Villager (Male) |
| 9:02 | Queue | Villager (Male) |
| 9:11 | Queue | Fishing Ship |
| 9:22 | Build | House |
| 9:45 | Age | Feudal Age |
| 9:51 | Research | Double-Bit Axe |
| 10:08 | Build | House |
| 10:11 | Build | House |
| 10:12 | Build | Palisade Wall |
| 10:15 | Queue | Villager (Male) |
| 10:35 | Build | Archery Range |
| 10:38 | Queue | Villager (Male) |
| 11:19 | Queue | Spearman |
| 11:22 | Queue | Archer |
| 11:22 | Queue | Skirmisher |
| 11:30 | Queue | Villager (Male) |
| 11:46 | Queue | Villager (Male) |
| 11:48 | Build | Mining Camp |
| 12:02 | Build | House |
| 12:02 | Build | House |
| 12:15 | Build | Mill |
| 12:28 | Queue | Villager (Male) |
| 12:29 | Queue | Villager (Male) |
| 12:44 | Queue | Villager (Male) |
| 12:56 | Build | Watch Tower |
| 13:01 | Queue | Skirmisher |
| 13:01 | Queue | Skirmisher |
| 13:07 | Queue | Villager (Male) |
| 13:21 | Queue | Skirmisher |
| 13:21 | Queue | Skirmisher |
| 13:26 | Queue | Skirmisher |
| 13:39 | Build | Watch Tower |
| 13:43 | Queue | Skirmisher |
| 13:48 | Build | Mining Camp |
| 13:52 | Queue | Archer |
| 13:52 | Queue | Archer |
| 14:14 | Queue | Skirmisher |
| 14:20 | Build | Blacksmith |
| 14:21 | Queue | Villager (Male) |
| 14:22 | Queue | Villager (Male) |
| 14:26 | Queue | Fishing Ship |
| 14:28 | Build | House |
| 14:29 | Queue | Villager (Male) |
| 14:29 | Queue | Villager (Male) |
| 14:53 | Build | House |
| 15:08 | Queue | Fishing Ship |
| 15:13 | Build | Blacksmith |
| 15:28 | Queue | Archer |
| 15:31 | Research | Fletching |
| 15:35 | Build | Archery Range |
| 15:46 | Build | Watch Tower |
| 15:53 | Build | House |
| 15:55 | Queue | Villager (Male) |
| 15:58 | Queue | Archer |
| 15:58 | Queue | Archer |
| 16:12 | Queue | Fishing Ship |
| 16:21 | Queue | Villager (Male) |
| 16:36 | Build | Watch Tower |
| 16:45 | Queue | Archer |
| 16:45 | Queue | Archer |
| 16:57 | Queue | Archer |
| 16:57 | Queue | Archer |
| 16:58 | Queue | Villager (Male) |
| 17:13 | Build | House |
| 17:13 | Build | Palisade Wall |
| 17:14 | Build | Palisade Wall |
| 17:15 | Build | Palisade Wall |
| 17:16 | Build | Palisade Wall |
| 17:31 | Queue | Archer |
| 17:36 | Queue | Archer |
| 17:36 | Queue | Skirmisher |
| 17:42 | Queue | Villager (Male) |
| 17:46 | Build | Dock |
| 18:07 | Queue | Villager (Male) |
| 18:18 | Build | Watch Tower |
| 18:24 | Queue | Archer |
| 18:24 | Queue | Skirmisher |
| 18:27 | Build | House |
| 18:41 | Build | Stone Wall |
| 18:42 | Build | Stone Wall |
| 18:43 | Build | Stone Wall |
| 18:43 | Build | Stone Wall |
| 18:44 | Build | Stone Wall |
| 19:06 | Queue | Archer |
| 19:07 | Queue | Skirmisher |
| 19:07 | Queue | Skirmisher |
| 19:08 | Queue | Villager (Male) |
| 19:13 | Build | Market |
| 19:16 | Queue | Fishing Ship |
| 19:16 | Queue | Fishing Ship |
| 19:17 | Queue | Fishing Ship |
| 19:39 | Queue | Archer |
| 19:39 | Queue | Skirmisher |
| 19:39 | Queue | Archer |
| 19:39 | Queue | Skirmisher |
| 19:43 | Queue | Villager (Male) |
| 19:44 | Queue | Villager (Male) |
| 19:44 | Queue | Villager (Male) |
| 20:17 | Queue | Archer |
| 20:17 | Queue | Skirmisher |
| 20:22 | Queue | Villager (Male) |
| 20:33 | Build | Watch Tower |
| 20:37 | Build | Mining Camp |
| 20:39 | Queue | Villager (Male) |
| 20:41 | Queue | Fishing Ship |
| 20:42 | Queue | Fishing Ship |
| 20:44 | Build | House |
| 20:45 | Build | Stone Wall |
| 20:49 | Queue | Galley |
Match timeline
| 4:21 | Marbas · first_building Dock |
| 5:20 | LE | Dia franptom · first_building Dock |
| 5:48 | Marbas · wall_segment Palisade Wall x1 |
| 5:48 | Marbas · wall_segment Palisade Wall x1 |
| 5:50 | Marbas · wall_segment Palisade Wall x1 |
| 6:17 | LE | Dia franptom · wall_segment Palisade Wall x1 |
| 6:18 | LE | Dia franptom · wall_segment Palisade Wall x1 |
| 6:19 | LE | Dia franptom · wall_segment Palisade Wall x1 |
| 6:32 | Marbas · wall_segment Palisade Wall x7 |
| 8:41 | LE | Dia franptom · first_building Barracks |
| 8:45 | Marbas · first_building Barracks |
| 9:34 | Marbas · wall_segment Palisade Wall x4 |
| 9:45 | LE | Dia franptom · age_up feudal |
| 10:09 | Marbas · wall_segment Palisade Wall x1 |
| 10:12 | LE | Dia franptom · wall_segment Palisade Wall x2 |
| 10:19 | Marbas · wall_segment Palisade Wall x3 |
| 10:35 | LE | Dia franptom · first_building Archery Range |
| 10:47 | Marbas · age_up feudal |
| 10:48 | Marbas · first_building Archery Range |
| 17:13 | LE | Dia franptom · wall_segment Palisade Wall x1 |
| 17:14 | LE | Dia franptom · wall_segment Palisade Wall x1 |
| 17:15 | LE | Dia franptom · wall_segment Palisade Wall x1 |
| 17:16 | LE | Dia franptom · wall_segment Palisade Wall x1 |
| 18:41 | LE | Dia franptom · wall_segment Stone Wall x1 |
| 18:42 | LE | Dia franptom · wall_segment Stone Wall x1 |
| 18:43 | LE | Dia franptom · wall_segment Stone Wall x1 |
| 18:43 | LE | Dia franptom · wall_segment Stone Wall x1 |
| 18:44 | LE | Dia franptom · wall_segment Stone Wall x1 |
| 20:37 | Marbas · first_building Stable |
| 20:45 | LE | Dia franptom · wall_segment Stone Wall x9 |
| 20:56 | Marbas · age_up castle |
| 21:41 | Marbas · first_market_sell 500 wood |
| 22:04 | Marbas · first_building Siege Workshop |
| 24:11 | LE | Dia franptom · first_market_buy 100 food |
| 24:27 | LE | Dia franptom · first_market_sell 100 wood |
| 24:49 | Marbas · first_building Monastery |
| 27:08 | LE | Dia franptom · wall_segment Palisade Wall x1 |
| 27:19 | LE | Dia franptom · age_up castle |
| 29:26 | LE | Dia franptom · first_building Castle |
| 29:58 | Marbas · first_market_buy 100 stone |
| 43:50 | LE | Dia franptom · first_building Monastery |
| 45:10 | LE | Dia franptom · first_building Siege Workshop |
| 46:32 | Marbas · resign |
[ AI ANALYSIS · 1 CREDIT ]
What really happened in this match?
Wolo.gg analyzes every decision: build order, eco, micro, common mistakes by bracket. Personalized analysis on WhatsApp or Discord in 30 seconds.
Civ guide
Japanese
Perfil
Jugador #1322448